 Dungeon Crawl Stone Soup version 0.31.0-32-g396128a36d (webtiles) character file.

Game seed: 12382738213296951

612 AdnanSaban the Covered (level 7, -1/44 HPs)
             Began as a Gargoyle Fighter on Apr 17, 2024.
             Slain by Pikel
             ... wielding a +0 whip of freezing
              (4 damage)
             ... on level 4 of the Dungeon.
             The game lasted 00:03:30 (2665 turns).

AdnanSaban the Covered (Gargoyle Fighter)           Turns: 2665, Time: 00:03:30

Health: -1/44      AC: 12    Str: 22    XL:     7   Next: 44%
Magic:  0/7        EV:  9    Int:  8    God:
Gold:   268        SH:  4    Dex:  9    Spells: 6/6 levels left

rFire   . . .        s - +5 flail
rCold   . . .        c - +0 buckler
rNeg    + + .        b - +0 scale mail
rPois   ∞            (no helmet)
rElec   +            (no cloak)
rCorr   .            (no gloves)
SInv    .            (no boots)
Will    .....        o - amulet of guardian spirit Stlth
                     e - ring of flight
HPRegen 0.27/turn    l - ring of positive energy
MPRegen 0.10/turn

%: guardian spirit
@: flying
A: sickness immunity, AC +4, negative energy resistance 1, electricity
resistance, torment resistance 1, petrification resistance
a: no special abilities


You were on level 4 of the Dungeon.
You visited 1 branch of the dungeon, and saw 5 of its levels.

You collected 268 gold pieces.

Inventory:

Hand Weapons
 s - a +5 flail (weapon)
Missiles
 i - a throwing net (quivered)
Armour
 b - a +0 scale mail (worn)
 c - a +0 buckler (worn)
Jewellery
 e - a ring of flight (left hand)
 l - a ring of positive energy (right hand)
 o - an amulet of guardian spirit (around neck)
 w - a ring of fire
Wands
 r - a wand of polymorph (7)
Scrolls
 f - a scroll of brand weapon {unknown}
 g - 3 scrolls of enchant weapon {unknown}
 k - 4 scrolls of identify {unknown}
 n - a scroll of silence {unknown}
 p - a scroll of amnesia {unknown}
 q - a scroll of fear {unknown}
 t - a scroll of enchant armour {unknown}
 u - a scroll of butterflies {unknown}
Potions
 a - a potion of invisibility {unknown}
 d - a potion of might
 h - a potion of resistance {unknown}
 j - 3 potions of brilliance {unknown}
 m - 3 potions of lignification {unknown}
 v - a potion of attraction {unknown}


   Skills:
 + Level 4.7 Fighting
 + Level 5.2 Maces & Flails
 + Level 5.4 Armour
 + Level 1.2 Dodging
 + Level 0.2 Stealth
 + Level 4.4 Shields


You had 6 spell levels left.
You didn't know any spells.
Your spell library contained the following spells:

 Spells                   Type           Power      Damage    Failure   Level
 Dazzling Flash           Conj/Hex       0%         N/A       98%         3
 Mephitic Cloud           Conj/Alch/Air  0%         N/A       98%         3
 Curse of Agony           Necr           0%         N/A       100%        5
 Silence                  Hex/Air        0%         N/A       100%        5


Dungeon Overview and Level Annotations

Branches:
Dungeon (5/15)
 Temple: D:4-7

Altars:

Annotations:
D:4 Pikel


Innate Abilities, Weirdness & Mutations

You are immune to sickness and miasma.
Your stone body is resilient. (AC +4)
You are immune to poison.
You resist negative energy. (rN+)
You are resistant to electric shocks. (rElec)
You are resistant to unholy torment.
You are immune to petrification.


Message History

Pikel closely misses you.
You sock Pikel!
Pikel is heavily wounded.
Pikel hits you with a +0 whip of freezing.
* * * LOW HITPOINT WARNING * * *
Pikel freezes you.
* * * LOW HITPOINT WARNING * * *
You closely miss Pikel.
Pikel is heavily wounded.
Pikel misses you. Pikel closely misses you.
You hit Pikel but do no damage.
Pikel is heavily wounded.
Pikel hits you with a +0 whip of freezing.
* * * LOW HITPOINT WARNING * * *
Pikel freezes you.
* * * LOW HITPOINT WARNING * * *
You hit Pikel.
Pikel is severely wounded.
You block Pikel's attack.
You closely miss Pikel.
Pikel is severely wounded.
Pikel closely misses you.
You barely miss Pikel.
Pikel is severely wounded.
Pikel hits you but does no damage.
You barely miss Pikel.
Pikel is severely wounded.
You block Pikel's attack.
You barely miss Pikel.
Pikel is severely wounded.
Pikel completely misses you. Pikel barely misses you.
You sock Pikel!
Pikel is almost dead.
You block Pikel's attack.
You hit Pikel but do no damage.
Pikel is almost dead.
Pikel says, "You'll feel the lick of my whip!"
Pikel hits you with a +0 whip of freezing.
You die...
Pikel says, "Another soul for the market."

#####.....# #.#
####...#.###.###.#
#..+...#..........
#5##......####..##
#5##....### ##..#
#5###..## ##.#
#5##..## #.#
#K##.## ....
...###@##.# #...
...........+ ##..
....###.##.#
###... .. #.##.#
..... #.##.. #..
#.###..# ##.. #.#
#..## ##... ..#
#...####.... .. ..
#..........


You could see Pikel and 4 lemures.

Vanquished Creatures
  Sigmund (D:2)
  Duvessa (D:4)
  An ogre (D:5)
  Blork the orc (D:5)
  Dowan (D:4)
  An iguana (D:5)
  Terence (D:2)
  An orc wizard (D:3)
  3 adders
  3 dart slugs
  A ribbon worm (D:2)
  6 orcs
  3 ball pythons
  4 endoplasms
  4 giant cockroaches
  2 hobgoblins
  4 jackals (D:1)
  2 quokkas
  3 bats
  3 frilled lizards
  6 goblins
  5 kobolds
  5 rats
62 creatures vanquished.

Notes
Turn   | Place    | Note
-------+----------+-------------------------------------------
     0 | D:1      | AdnanSaban the Gargoyle Fighter began the quest for the
                  | Orb.
     0 | D:1      | Reached XP level 1. HP: 14/14 MP: 1/1
   204 | D:1      | Reached XP level 2. HP: 4/19 MP: 2/2
   777 | D:2      | Reached XP level 3. HP: 24/24 MP: 3/3
  1017 | D:2      | Noticed Sigmund
  1357 | D:2      | Killed Sigmund
  1358 | D:2      | Reached skill level 1 in Dodging
  1358 | D:2      | Reached XP level 4. HP: 8/29 MP: 4/4
  1358 | D:2      | Reached XP level 5. HP: 9/33 MP: 5/5
  1477 | D:2      | Noticed Terence
  1488 | D:2      | Killed Terence
  1489 | D:2      | Reached XP level 6. HP: 39/39 MP: 6/6
  1941 | D:3      | Found a faded altar of an unknown god.
  2180 | D:3      | You are sucked into a shaft and drop 2 floors!
  2180 | D:5      | Entered Level 5 of the Dungeon
  2299 | D:5      | Reached skill level 5 in Armour
  2388 | D:4      | Noticed Duvessa
  2389 | D:4      | Noticed Dowan
  2396 | D:4      | Noticed Blork the orc
  2398 | D:4      | Killed Duvessa
  2399 | D:4      | Reached XP level 7. HP: 40/44 MP: 5/7
  2404 | D:5      | Killed Blork the orc
  2527 | D:4      | Killed Dowan
  2528 | D:4      | Reached skill level 5 in Maces & Flails
  2640 | D:4      | Noticed Pikel
  2658 | D:4      | HP: 2/44 [Pikel/+0 whip of freezing (2)]
  2665 | D:4      | Slain by Pikel

Illustrated notes

Levels and vault maps discovered:
D:1:      amcnicky_arrival_gap_in_the_tavern_cellar, layout_rooms,
          lemuel_flame_loot_1
D:2:      layout_basic, st_stairs_7, kennysheep_small_spiral,
          guppyfry_early_lair_pool, uniq_sigmund, uniq_crazy_yiuf_cottage,
          uniq_terence
D:3:      minmay_razor_zed, layout_rooms, grunt_temple_overflow_magic_moments,
          nicolae_ru_the_path_less_chosen,
          shapermc_ecumenical_altar_mp_ritualfount
D:4:      layout_basic, gammafunk_temple_overflow_claw, hangedman_decor_growths,
          uniq_duvessa, uniq_blork_the_orc, uniq_eustachio, uniq_pikel
D:5:      layout_cave_pools, yredelemnul_forgotten_temple_becter,
          general_overflow_altar, hangedman_glass_teeth, minmay_misc_feat_roman,
          kennysheep_path_1, nrook_pool_corridor, minivault_26, minivault_23

Skill      XL: |  1  2  3  4  5  6  7 |
---------------+----------------------+-----
Fighting       | 4 |  4.7
Maces & Flails | 3 4 5 |  5.2
Armour         | 4 5 |  5.4
Dodging        | 1 |  1.2
Shields        | 4 |  4.4
Stealth        | |  0.2

Action                     |  1- 3 |  4- 6 |  7- 9 || total
---------------------------+-------+-------+-------++-------
  Melee: Whip              |   117 |    18 |       ||   135
         Flail             |     9 |    49 |    43 ||   101
         Unarmed           |       |     2 |       ||     2
  Throw: Throwing net      |       |       |     1 ||     1
 Armour: Scale mail        |    87 |    48 |    33 ||   168
  Dodge: Dodged            |    73 |    22 |    16 ||   111
  Block: Buckler           |    31 |    13 |     9 ||    53
